 Dungeon Crawl Stone Soup version 0.18-a0-1784-ga939a68 (webtiles) character file.

432 M4edhros the Insei (level 7, -3/41 HPs)
             Began as an Octopode Necromancer on Apr 18, 2016.
             Slain by a sky beast (6 damage)
             ... on level 5 of the Dungeon.
             The game lasted 00:08:12 (1279 turns).

M4edhros the Insei (Octopode Necromancer)           Turns: 1279, Time: 00:08:13

Health: -3/41      AC:  1    Str:  7    XL:     7   Next: 0%
Magic:  16/19      EV: 12    Int: 17    God:
Gold:   143        SH:  0    Dex: 15    Spells: 2 memorised, 6 levels left

rFire  . . .     SeeInvis .     h - +1 dagger (speed)
rCold  . . .     Gourm    .     (no shield)
rNeg   . . .     Faith    .     (helmet restricted)
rPois  .         Spirit   .     (no amulet)
rElec  .         Dismiss  .     g - ring of magical power
rCorr  .         Reflect  .     (no ring)
SustAt .         Harm     .     (no ring)
MR     .....                    (no ring)
Stlth  +++.......               (no ring)
                                (no ring)
                                (no ring)
                                (no ring)

@: not resistant to hostile enchantments, fairly stealthy
A: almost no armour, amphibious, 8 rings, constrict 8, camouflage 1, gelatinous
body 1
a: no special abilities


You were on level 5 of the Dungeon.
You were hungry.

You visited 1 branch of the dungeon, and saw 5 of its levels.

You collected 143 gold pieces.

Inventory:

Hand Weapons
 h - a +1 dagger of speed (weapon)
Missiles
 j - 73 stones (quivered)
 m - 11 sling bullets
Jewellery
 g - a ring of magical power (left tentacle)
Scrolls
 d - 2 scrolls of remove curse {unknown}
 e - a scroll of enchant weapon {unknown}
 f - a scroll of immolation {unknown}
 i - a scroll of noise {unknown}
 k - 2 scrolls of identify {unknown}
Books
 a - a book of Necromancy

   Spells                             Type                      Level
   a - Pain                           Necromancy                   1
   b - Animate Skeleton               Necromancy                   1
   c - Vampiric Draining              Necromancy                   3
   d - Regeneration                   Charms/Necromancy            3
   e - Animate Dead                   Necromancy                   4
   f - Control Undead                 Necromancy                   4
Comestibles
 b - 2 bread rations
 c - a beef jerky
 l - 3 chunks of flesh


   Skills:
 - Level 2.0 Dodging
 - Level 2.6 Stealth
 + Level 6.8 Unarmed Combat
 - Level 2.0 Spellcasting
 - Level 4.0 Necromancy


You had 6 spell levels left.
You knew the following spells:

 Your Spells              Type           Power        Failure   Level  Hunger
a - Pain                  Necr           ###.         3%          1    #......
b - Regeneration          Chrm/Necr      #.........   24%         3    ###....


Dungeon Overview and Level Annotations

Branches:
Dungeon (5/15)
 Temple: D:4-7

Altars:

Shops:
D:4 %}:


Innate Abilities, Weirdness & Mutations

You cannot wear most types of armour.
You are amphibious.
You can wear up to eight rings at the same time.
You can use your tentacles to constrict eight enemies at once.
Your skin changes colour to match your surroundings (Stealth).
Your rubbery body absorbs attacks (AC +1).


Message History

You are feeling hungry.
The sky beast flickers out of sight!
Deactivating autopickup; reactivate with Ctrl-A.
Something hits you.
* * * LOW HITPOINT WARNING * * *
Something shocks you.
* * * LOW HITPOINT WARNING * * *
You aren't carrying any potions.
You aren't carrying any items that you can evoke.
Read which item? (? for menu, Esc to quit)
Okay, then.
You aren't carrying any potions.
Casting: Pain
Confirm with . or Enter, or press ? or * to list all spells.
You can't see any susceptible monsters within range! (Use Z to cast anyway.)
You hit something but do no damage. Your squeeze misses something.
Something hits you.
* * * LOW HITPOINT WARNING * * *
Something shocks you.
You die...

.# .#
#####+#+###.#
#.........#.#
#.........#.#
#.........#.#
#@........#.#
#...........#
#.........###
#...........#
#.........#.#
#...........#
#........)###
#.........#
###########


There were no monsters in sight!

Vanquished Creatures
  Sigmund (D:4)
  Edmund (D:4)
  An orc priest (D:3)
  A centaur skeleton (D:4)
  A giant frog skeleton (D:4)
  3 adders
  A dart slug (D:1)
  6 giant geckos
  5 orcs
  3 ball pythons
  A bat (D:1)
  2 giant cockroaches (D:2)
  2 goblins (D:1)
  3 hobgoblins
  4 kobolds
  A quokka (D:4)
  A giant newt (D:1)
  10 rats
47 creatures vanquished.

Notes
Turn   | Place    | Note
--------------------------------------------------------------
     0 | D:1      | M4edhros the Octopode Necromancer began the quest for the Orb.
     0 | D:1      | Reached XP level 1. HP: 11/11 MP: 3/3
    37 | D:1      | Reached skill level 1 in Unarmed Combat
    55 | D:1      | Reached XP level 2. HP: 16/17 MP: 3/5
   103 | D:2      | Reached skill level 2 in Unarmed Combat
   239 | D:2      | Reached XP level 3. HP: 11/21 MP: 6/6
   244 | D:2      | Learned a level 3 spell: Regeneration
   297 | D:1      | Reached skill level 3 in Unarmed Combat
   566 | D:2      | Reached XP level 4. HP: 13/27 MP: 4/7
   735 | D:3      | Reached skill level 4 in Unarmed Combat
   896 | D:4      | Found Xiemet's Gadget Shoppe.
   907 | D:4      | Reached XP level 5. HP: 27/31 MP: 8/8
   954 | D:4      | Found Exynozosch's Food Shoppe.
  1007 | D:4      | Noticed Sigmund
  1016 | D:4      | Killed Sigmund
  1016 | D:4      | Reached skill level 6 in Unarmed Combat
  1016 | D:4      | Reached XP level 6. HP: 28/36 MP: 9/9
  1045 | D:4      | Noticed Edmund
  1070 | D:4      | Killed Edmund
  1095 | D:4      | Found Wajaam's Book Boutique.
  1191 | D:4      | Reached XP level 7. HP: 41/41 MP: 10/10
  1241 | D:5      | Entered Level 5 of the Dungeon
  1279 | D:5      | Slain by a sky beast

Vault maps used:
D:1:      zelgadis_glass_arrival_small
D:2:      nrook_mini_backslash, minmay_misc_feat_nine_boxes, uniq_jessica
D:3:      kennysheep_goblin_castle, st_stairs_1,
          nicolae_qazlal_general_emergency
D:4:      serial_shops, shop, shop, kennysheep_mini, shop,
          kennysheep_little_box, uniq_sigmund, uniq_edmund
D:5:      nicolae_overflow_crystal_walls, first_bread

Skill      XL: |  1  2  3  4  5 |
---------------+----------------+-----
Unarmed Combat | 1 2 3 4 6 |  6.8
Dodging        | |  2.0
Stealth        | |  2.6
Spellcasting   | |  2.0
Necromancy     | |  4.0

Action                   |  1- 3 |  4- 6 |  7- 9 || total
-------------------------+-------+-------+-------++-------
Melee: Unarmed           |    16 |       |       ||    16
       Constrict         |     7 |     6 |       ||    13
       Tentacles         |     5 |     8 |       ||    13
       Dagger            |    11 |    33 |     4 ||    48
       Punch             |       |     2 |       ||     2
 Cast: Pain              |    41 |    32 |     5 ||    78
       Regeneration      |     3 |    10 |       ||    13
  Use: Potion            |       |     1 |       ||     1
 Stab: Sleeping          |     2 |     3 |     1 ||     6
  Eat: Chunk             |       |     4 |       ||     4
Armor: Skin              |     2 |     2 |       ||     4
Dodge: Dodged            |    30 |    20 |     3 ||    53
